 Dungeon Crawl Stone Soup version 0.28-a0-793-g31680bbd8b (webtiles) character file.

Game seed: 9021572245049933862

10 kae the Caller (level 2, -1/14 HPs)
             Began as a Vine Stalker Summoner on Nov 4, 2021.
             Slain by a rat (3 damage)
             ... on level 1 of the Dungeon.
             The game lasted 00:00:23 (473 turns).

kae the Caller (Vine Stalker Summoner)               Turns: 473, Time: 00:00:23

Health: -1/14      AC:  2    Str: 10    XL:     2   Next: 20%
Magic:  0/6        EV: 12    Int: 15    God:
Gold:   0          SH:  0    Dex: 14    Spells: 4/5 levels left

rFire   . . .      SeeInvis .   (no weapon)
rCold   . . .      Faith    .   (no shield)
rNeg    . . .      Spirit   +   a - +0 robe
rPois   .          Reflect  .   (no helmet)
rElec   .          Harm     .   (no cloak)
rCorr   .          Rampage  .   (no gloves)
Will    .....                   (no boots)
Stlth   ++........              (no amulet)
HPRegen 0.04/turn               (no ring)
MPRegen 0.10/turn               (no ring)

@: about to teleport
A: fangs 2, magic shield, antimagic bite, no potion heal 2
a: no special abilities


You were on level 1 of the Dungeon.
You visited 1 branch of the dungeon, and saw 1 of its levels.

Inventory:

Armour
 a - a +0 robe (worn)
Jewellery
 d - a ring of willpower
 e - a ring of fire
Scrolls
 c - a scroll of blinking {unknown}


   Skills:
 + Level 0.5 Fighting
 - Level 1.5 Dodging
 - Level 2.4 Stealth
 + Level 2.4 Spellcasting
 * Level 4.2 Summonings


You had 4 spell levels left.
You knew the following spells:

 Your Spells              Type           Power      Damage    Failure   Level
a - Summon Small Mammal   Summ           56%        N/A       3%          1

Your spell library contained the following spells:

 Spells                   Type           Power      Damage    Failure   Level
 Call Imp                 Summ           14%        N/A       5%          2
 Call Canine Familiar     Summ           14%        N/A       11%         3
 Beastly Appendage        Tmut           2%         N/A       22%         1
 Summon Guardian Golem    Hex/Summ       8%         N/A       26%         3
 Wereblood                Tmut           1%         N/A       32%         2
 Spider Form              Tmut/Pois      1%         N/A       54%         3
 Summon Lightning Spire   Summ/Air       8%         N/A       65%         4


Dungeon Overview and Level Annotations

Branches:
Dungeon (1/15)

Altars:


Innate Abilities, Weirdness & Mutations

You have extremely sharp teeth.
When hurt, damage is shared between your health and your magic reserves.
Your bite disrupts and absorbs the magic of your enemies.
Potions cannot restore your health.


Message History

The bat hits your quokka.
Your quokka dies!
Your quokka's corpse disappears in a puff of smoke!
The ball python bites your rat but does no damage.
The ball python constricts your rat. Something hits your rat.
Your rat dies!
Your rat's corpse disappears in a puff of smoke!
The bat hits you but does no damage. The rat completely misses you.
The hobgoblin closely misses you.
Casting: Summon Small Mammal (safe; 3% risk of failure)
Confirm with . or Enter, or press ? or * to list all spells.
The bat hits you but does no damage. The bat barely misses you.
The rat misses you. The hobgoblin closely misses you.
The bat barely misses you.
A goblin comes into view. It is wielding a +0 dagger.
The rat bites you. The hobgoblin hits you.
Casting: Summon Small Mammal (safe; 3% risk of failure)
Confirm with . or Enter, or press ? or * to list all spells.
The bat hits your quokka. The bat barely misses your quokka.
The goblin hits you with a +0 dagger.
* * * LOW HITPOINT WARNING * * *
Your quokka closely misses the hobgoblin.
The rat barely misses you. The hobgoblin closely misses you.
The bat barely misses your quokka. The bat misses your quokka.
The bat closely misses your quokka. The goblin hits you with a +0 dagger.
* * * LOW HITPOINT WARNING * * *
Your quokka bites the hobgoblin.
Your quokka barely misses the hobgoblin.
The rat barely misses you. The bat barely misses your quokka.
The hobgoblin hits you.
* * * LOW HITPOINT WARNING * * *
You aren't carrying any potions.
As you read the scroll labelled GAOSAMOSTRIUR, it crumbles to dust.
You feel strangely unstable.
It was a scroll of teleportation.
The bat closely misses your quokka.
The bat hits your quokka but does no damage.
The goblin completely misses you.
Your quokka bites the hobgoblin.
Your quokka barely misses the bat.
The rat bites you.
You die...

#...####...#.#
###..##..###.# ..
####.##..###.##....
...................
####.......†####..[
####........####
...............###
......(........r.#
#.##..........##@#
...............rggS.....
..........#.###.rb...=..
..........#.. ##........
............. ...#.###.
............. ......
........... .......
..........# ......#..
...........


You could see a hobgoblin (ally target), a goblin, a bat (ally target), a ball
python, a rat and 2 friendly quokkas.

Vanquished Creatures
  An endoplasm (D:1)
  A giant cockroach (D:1)
  A hobgoblin (D:1)
  A frilled lizard (D:1)
4 creatures vanquished.

Vanquished Creatures (collateral kills)
  A bat (D:1)
  A giant cockroach (D:1)
  A goblin (D:1)
  A ball python (D:1)
  A frilled lizard (D:1)
5 creatures vanquished.

Grand Total: 9 creatures vanquished

Notes
Turn   | Place    | Note
-------+----------+-------------------------------------------
     0 | D:1      | kae the Vine Stalker Summoner began the quest for the Orb.
     0 | D:1      | Reached XP level 1. HP: 9/9 MP: 4/4
   311 | D:1      | Reached XP level 2. HP: 9/14 MP: 4/6
   473 | D:1      | Slain by a rat

Illustrated notes

Levels and vault maps discovered:
D:1:      roderic_chinese_lattice_arrival, layout_rooms

Action                   || total
-------------------------++-------
Melee: Unarmed           ||    23
       Bite              ||     8
 Cast: Summon Small Mamm ||    12
  Use: Scroll            ||     1
Armor: Robe              ||     4
Dodge: Dodged            ||    29

Table legend: (Time is in decaauts)
 A = Elapsed time spent in this place.
 B = Non-inter-level travel time spent in this place.
 C = Inter-level travel time spent in this place.
 D = Time resting spent in this place.
 E = Time spent auto-exploring this place.
 F = Levels seen in this place.
 G = Mean time per level.
                   A        B        C        D        E       F      G
               +--------+--------+--------+--------+--------+-----+--------+
         Total |    473 |    473 |      0 |      0 |    387 |   1 |  473.0 |
       Dungeon |    473 |    473 |      0 |      0 |    387 |   1 |  473.0 |
               +--------+--------+--------+--------+--------+-----+--------+

Top non-repeatable levels by time:
     D:1: 473 daAuts
